 Dungeon Crawl Stone Soup version 0.31.0-9-g3a7656b989 (webtiles) character file.

Game seed: 17371350952159098481

160 qw the Shooter (level 5, 0/26 HPs)
             Began as a Spriggan Hunter on Feb 2, 2024.
             Succumbed to an adder's poison
             ... on level 3 of the Dungeon.
             The game lasted 00:00:09 (2435 turns).

qw the Shooter (Spriggan Hunter)                    Turns: 2435, Time: 00:00:09

Health: 0/26       AC:  4    Str:  7    XL:     5   Next: 17%
Magic:  6/6        EV: 20    Int: 10    God:
Gold:   112        SH:  0    Dex: 21    Spells: 4/4 levels left

rFire   . . .        a - +1 shortbow
rCold   . . .        (shield currently unavailable)
rNeg    . . .        h - +1 animal skin
rPois   .            (helmet restricted)
rElec   .            f - +0 cloak
rCorr   .            (gloves unavailable)
SInv    +            (boots unavailable)
Will    .....        (no amulet)
Stlth   ++           (no ring)
HPRegen 0.24/turn    (no ring)
MPRegen 0.10/turn

%: no passive effects
@: lethally poisoned (0 -> -5), about to teleport, very quick
A: very small, no large weapons, unfitting armour, see invisible, speed 3
a: no special abilities


You were on level 3 of the Dungeon.
You visited 1 branch of the dungeon, and saw 4 of its levels.

You collected 112 gold pieces.


Innate Abilities, Weirdness & Mutations

You are very small and have problems with some larger weapons.
You are too small for most types of armour.
You have supernaturally acute eyesight. (SInv)
You cover ground extremely quickly. (Speed+++)


   Skills:
 - Level 2.0 Fighting
 + Level 5.4 Ranged Weapons
 - Level 5.0 Dodging
 - Level 1.5 Stealth


You had 4 spell levels left.
You didn't know any spells.
Your spell library was empty.

Inventory:

Hand Weapons
 a - a +1 shortbow (weapon)
Armour
 f - a +0 cloak (worn)
 h - a +1 animal skin (worn)
Wands
 g - a wand of paralysis (4)
Scrolls
 e - a scroll of teleportation
Potions
 b - a potion of lignification {unknown}
 d - 3 potions of curing
 i - a potion of berserk rage {unknown}
 j - a potion of attraction {unknown}

Dungeon Overview and Level Annotations

Branches:
Dungeon (4/15)
 Temple: D:4-7

Altars:

Annotations:
D:1 2 transporters
D:3 1 runed translucent door, Crazy Yiuf


Message History

The adder closely misses you. The ball python misses you.
The ball python grabs you. The ball python constricts you.
You shoot an arrow. The arrow hits the ball python.
You kill the ball python!
You feel sick. The hound closely misses you. The adder misses you.
The hound barely misses you.
You shoot an arrow. The arrow closely misses the hound.
You feel sick. The hound completely misses you.
The adder completely misses you. The hound closely misses you.
The adder completely misses you.
You shoot an arrow. The arrow closely misses the hound.
You feel sick.
You are no longer poisoned.
The hound completely misses you. The adder bites you. The hound bites you.
You shoot an arrow. The arrow hits the hound.
The hound is heavily wounded.
The adder bites you. The hound misses you. The adder closely misses you.
You shoot an arrow. The arrow closely misses the hound.
The hound closely misses you. The adder misses you. The hound bites you.
You shoot an arrow. The arrow closely misses the hound.
The hound misses you. The adder misses you. The hound completely misses you.
The adder misses you.
You shoot an arrow.
The arrow hits the hound but does no damage.
The hound is heavily wounded.
The hound bites you but does no damage. The adder barely misses you.
You shoot an arrow. The arrow closely misses the hound.
The hound misses you. The adder bites you but does no damage.
The hound completely misses you. The adder bites you.
2433 ||| READING 2 scrolls of teleportation.
As you read the scroll of teleportation, it crumbles to dust.
You feel strangely unstable. The hound bites you.
The adder bites you but does no damage. The hound completely misses you.
You shoot an arrow. The arrow misses the hound.
The adder bites you.
You are lethally poisoned!
The adder poisons you! The hound barely misses you.
You shoot an arrow. The arrow hits the hound!
You kill the hound!
You die...

.........##.# #...#.......#
##'####..##.# #...#..###### #.#
#..##.######...#.......# ##.#
#..#...........##...##.# .#.#
#..##############....#.# .#.#
#....................#.#
.#.#####.###################.#
.............###%#...........####
.............'.S@#.####.........#
.....####....#.).#......#######.#
#....# #....#.#.############ #.#
#....# #...)#.#.#..........# #.#
#....# #^.....#.#.########.# #.#
#....######..###.#...#..###.# #[#
............#....###.#....#.# #.#
............#....# #.##.#.#.###.#
............#....# #...)#........


You could see an adder.

Vanquished Creatures
  A hound (D:3)
  Jessica (D:2)
  Natasha (D:2)
  Robin (D:2)
  2 adders (D:3)
  A ribbon worm (D:2)
  2 dart slugs
  7 endoplasms
  6 giant cockroaches
  8 goblins
  10 hobgoblins
  2 jackals (D:3)
  9 kobolds
  A quokka (D:2)
  5 ball pythons
  6 bats
  3 frilled lizards
  5 rats
71 creatures vanquished.

Notes
Turn   | Place    | Note
-------+----------+-------------------------------------------
     0 | D:1      | qw the Spriggan Hunter began the quest for the Orb.
     0 | D:1      | Reached XP level 1. HP: 10/10 MP: 2/2
     0 | D:1      | 0 ||| qw: Version: 0.3-a-155-g5e7d8dd
     0 | D:1      | 0 ||| qw: Game counter: 1458
     0 | D:1      | 0 ||| qw: Melee chars always use a shield: true
     0 | D:1      | 0 ||| qw: God list: Okawaru
     0 | D:1      | 0 ||| qw: Allow faded altars: false
     0 | D:1      | 0 ||| qw: Do Orc after clearing Dungeon:15 true
     0 | D:1      | 0 ||| qw: Do second Lair branch before Depths: true
     0 | D:1      | 0 ||| qw: Lair rune preference: random
     0 | D:1      | 0 ||| qw: Goals: Normal
     0 | D:1      | 0 ||| PLANNING D:1-11
    38 | D:1      | Reached skill level 3 in Dodging
   153 | D:1      | Reached XP level 2. HP: 14/14 MP: 3/3
   470 | D:1      | Found a faded altar of an unknown god.
   782 | D:1      | 782 ||| UPGRADING to +0 cloak.
   787 | D:1      | 787 ||| READING scroll labelled AFEBRU JEHE.
   788 | D:1      | 788 ||| READING scroll labelled WEHUHE KACUMEW.
   792 | D:1      | 792 ||| READING scroll labelled FUNYDA TAIGUIK.
   793 | D:1      | 793 ||| DROPPING scroll of butterflies.
   908 | D:2      | Reached XP level 3. HP: 18/18 MP: 4/4
  1006 | D:2      | Noticed Jessica
  1013 | D:2      | Killed Jessica
  1179 | D:2      | Reached XP level 4. HP: 22/22 MP: 5/5
  1258 | D:2      | Noticed Natasha
  1262 | D:2      | Killed Natasha
  1274 | D:2      | Noticed Robin
  1290 | D:2      | Killed Robin
  1590 | D:2      | 1590 ||| UPGRADING to +1 animal skin.
  1600 | D:2      | 1600 ||| DROPPING +0 robe.
  1601 | D:2      | 1601 ||| READING 2 scrolls of identify.
  1601 | D:2      | 1601 ||| IDENTIFYING 2 black potions
  1602 | D:2      | 1602 ||| READING scroll of identify.
  1602 | D:2      | 1602 ||| IDENTIFYING scroll labelled ICVIUL YSIROECW
  1603 | D:2      | 1603 ||| READING scroll of enchant weapon.
  1603 | D:2      | 1603 ||| ENCHANTING +0 shortbow.
  1917 | D:3      | Reached XP level 5. HP: 26/26 MP: 6/6
  2025 | D:3      | Found a runed translucent door.
  2026 | D:3      | Noticed Crazy Yiuf
  2370 | D:3      | 2370 ||| DROPPING ring of flight.
  2402 | D:4      | 2402 ||| STAIRDANCE
  2421 | D:4      | 2421 ||| STAIRDANCE
  2432 | D:3      | HP: 6/26 [adder (2)]
  2433 | D:3      | 2433 ||| READING 2 scrolls of teleportation.
  2434 | D:3      | HP: 2/26 [adder (3)]
  2435 | D:3      | Succumbed to an adder's poison

Levels and vault maps discovered:
D:1:      spicycebolla_arrival_transporter_tutorial, layout_basic,
          serial_forest, infiniplex_forest_end_2, infiniplex_forest_clump_long,
          infiniplex_forest_straight_1, infiniplex_forest_zigzag_1,
          infiniplex_forest_straight_2, infiniplex_forest_3_way,
          shapermc_ecumenical_altar_venn
D:2:      layout_loops_ring, uniq_jessica, uniq_natasha, uniq_robin
D:3:      layout_basic, chequers_jeans, uniq_crazy_yiuf_cottage
D:4:      layout_cave_pools, lemuel_coloured_pillars_altar, uniq_duvessa

Skill      XL: |  1  2  3  4 |
---------------+-------------+-----
Dodging        | 3 4 5 |  5.0
Ranged Weapons | 5 |  5.4
Fighting       | 2 |  2.0
Stealth        | |  1.5

Action                     |  1- 3 |  4- 6 || total
---------------------------+-------+-------++-------
   Fire: Shortbow          |    96 |   104 ||   200
    Use: Scroll            |     3 |     4 ||     7
 Armour: Robe              |     8 |     6 ||    14
         Animal skin       |       |    19 ||    19
  Dodge: Dodged            |    16 |    72 ||    88

Table legend:
 A = Non-vault XP
 B = Vault XP
 C = Vault XP percentage of total XP
 D = Non-vault monster count
 E = Vault monster count
 F = Vault count percentage of total count
                 A         B        C        D         E       F
            +---------+---------+-------+---------+---------+-------
      Total |     176 |      98 |  35.8 |      62 |       9 |  12.7
            +---------+---------+-------+---------+---------+-------
        D:1 |      30 |       0 |   0.0 |      18 |       0 |   0.0
        D:2 |      38 |      98 |  72.1 |      19 |       9 |  32.1
        D:3 |     108 |       0 |   0.0 |      25 |       0 |   0.0
            +---------+---------+-------+---------+---------+-------
